 Dungeon Crawl Stone Soup version 0.18.1-48-g4cf74bf (webtiles) character file.

148261 dvd the Scorcher (level 16, -5/86 HPs)
             Began as a Deep Elf Fire Elementalist on Aug 29, 2016.
             Was the Champion of Vehumet.
             Slain by a harpy simulacrum (10 damage)
             ... in an ice cave.
             The game lasted 03:59:09 (39026 turns).

dvd the Scorcher (Deep Elf Fire Elementalist)      Turns: 39026, Time: 03:59:10

Health: -5/86      AC: 18    Str:  5    XL:     16   Next: 93%
Magic:  16/54      EV: 20    Int: 31    God:    Vehumet [******]
Gold:   539        SH:  0    Dex: 15    Spells: 14 memorised, 4 levels left

rFire  . . .     SeeInvis .     a - +9 quarterstaff (protect)
rCold  + . .     Gourm    .     w - +3 robe of Folly {Archmagi, MR-- Int+5 *Curse} (curse)
rNeg   . . .     Faith    .     (shield currently unavailable)
rPois  +         Spirit   .     (helmet restricted)
rElec  .         Dismiss  .     B - +2 cloak
rCorr  .         Reflect  .     D - +2 pair of gloves
SustAt .         Harm     .     s - +1 pair of boots of the Thunderstorm {rPois Slay+2}
MR     +++..                    K - amulet of regeneration
Stlth  ++++......               k - ring "Yxarecw" {*Drain MR+++ MP+9 Str-2 Stlth+}
                                p - ring "Aphureeq" {MR+ MP+9}

@: repel missiles, extremely resistant to hostile enchantments, stealthy
A: horns 2, cold resistance 1, low mp 1
a: Renounce Religion


You were in an ice cave.
You worshipped Vehumet.
Vehumet was exalted by your worship.
You were not hungry.

You visited 6 branches of the dungeon, and saw 29 of its levels.
You visited 1 bazaar.
You also visited: Labyrinth, Bailey, Ice Cave and Volcano.

You collected 2223 gold pieces.
You spent 1684 gold pieces at shops.

Inventory:

Hand Weapons
 a - a +9 quarterstaff of protection (weapon)
 o - the +6 spear "Deush" {speed, +Fly rPois MR- Str+6}
   (You found it on level 5 of the Lair of Beasts)

   Attacks with this weapon are significantly faster.
   It affects your strength (+6).
   It protects you from poison.
   It affects your resistance to hostile enchantments.
   It lets you fly.
Armour
 s - the +1 pair of boots of the Thunderstorm (worn) {rPois Slay+2}
   (You bought it in a shop on level 10 of the Dungeon)

   It affects your accuracy and damage with ranged weapons and melee attacks
   (+2).
   It protects you from poison.
 v - a +2 robe of fire resistance
 w - the cursed +3 robe of Folly (worn) {Archmagi, MR-- Int+5 *Curse}
   (You found it on level 2 of the Spider Nest)

   It affects your intelligence (+5).
   It affects your resistance to hostile enchantments.
   It may re-curse itself when equipped.
   It has a curse placed upon it.
 B - a +2 cloak (worn)
 D - a +2 pair of gloves (worn)
 V - the +0 Maxwell's etheric cage {RegenMP+ *Contam rElec MP+4}
   (You found it in an ice cave)

   It insulates you from electricity.
   It affects your magic capacity (+4).
   It causes magical contamination when unequipped.
Magical Staves
 U - an uncursed staff of air
Rods
 g - a +2 iron rod (12/12)
   (You took it off a minotaur in a labyrinth)
Jewellery
 b - a +2 amulet of reflection
 e - the amulet of the Air {Inacc +Fly rElec EV+5 RMsl}
   (You bought it in a shop in a bazaar)

   [amulet of inaccuracy]

   It reduces the accuracy of all your attacks.
   It affects your evasion (+5).
   It insulates you from electricity.
   It lets you fly.
   It protects you from missiles.
 k - the ring "Yxarecw" (right hand) {*Drain MR+++ MP+9 Str-2 Stlth+}
   (You bought it in a shop in a bazaar)

   [ring of magical power]

   It affects your strength (-2).
   It affects your resistance to hostile enchantments.
   It affects your magic capacity (+9).
   It causes draining when unequipped.
   It makes you more stealthy.
 p - the ring "Aphureeq" (left hand) {MR+ MP+9}
   (You found it on level 4 of the Dungeon)

   [ring of magical power]

   It affects your resistance to hostile enchantments.
   It affects your magic capacity (+9).
 u - an uncursed ring of protection from cold
 K - an amulet of regeneration (around neck)
Wands
 d - a wand of disintegration (14/24)
 i - a wand of acid (3/15)
 F - a wand of disintegration (19/24)
 H - a wand of lightning (9/15)
 J - a wand of lightning (10/15)
 L - a wand of acid (9/15)
 M - a wand of lightning (5/15)
 W - a wand of iceblast (6/15)
 Y - a wand of disintegration (7/24)
Scrolls
 l - 5 scrolls of identify
 m - a scroll of amnesia
 q - 3 scrolls of fear
 t - a scroll of silence
 y - 9 scrolls of remove curse
 A - 3 scrolls of recharging
 G - 5 scrolls of teleportation
 P - 2 scrolls of magic mapping
 S - 2 scrolls of blinking
 X - 2 scrolls of fog
Potions
 h - 7 potions of curing
 j - 3 potions of haste
 n - 2 potions of heal wounds
 x - 2 potions of agility
 I - 2 potions of brilliance
 N - a potion of cancellation
 O - 5 potions of flight
 Q - 3 potions of resistance
 R - a potion of invisibility
 T - 2 potions of might
Books
 f - a book of the Dragon

   Spells                             Type                      Level
   a - Flame Tongue                   Conjuration/Fire             1
   b - Cause Fear                     Hexes                        4
   c - Bolt of Fire                   Conjuration/Fire             6
   d - Dragon Form                    Transmutation                7
   e - Dragon's Call                  Summoning                    9
Comestibles
 c - 9 bread rations
 r - 7 meat rations
 z - 44 fruits
 E - 8 royal jellies


   Skills:
 + Level 4.6 Fighting
   Level 0.2 Short Blades
 + Level 5.8 Staves
 + Level 12.6 Dodging
 + Level 6.4 Stealth
 + Level 18.2 Spellcasting
 + Level 14.3 Conjurations
 + Level 2.8 Charms
 + Level 2.3 Summonings
 + Level 2.2 Necromancy
 + Level 3.1 Translocations
 * Level 18.9 Fire Magic
 + Level 2.3 Ice Magic
 + Level 3.5 Air Magic
   Level 2.0 Earth Magic
 + Level 2.2 Evocations


You had 4 spell levels left.
You knew the following spells:

 Your Spells              Type           Power        Failure   Level  Hunger
a - Orb of Destruction    Conj           ########..   1%          7    ####...
b - Throw Flame           Conj/Fire      ######       0%          2    None
c - Conjure Flame         Conj/Fire      ########     0%          3    None
d - Sticky Flame          Conj/Fire      ########     0%          4    None
e - Fireball              Conj/Fire      ########..   1%          5    None
f - Repel Missiles        Chrm/Air       ######       1%          2    None
g - Blink                 Tloc           N/A          1%          2    None
h - Shock                 Conj/Air       ####         1%          1    None
i - Call Imp              Summ           ######..     1%          2    None
j - Throw Frost           Conj/Ice       ######       1%          2    None
k - Bolt of Fire          Conj/Fire      ########..   1%          6    None
l - Summon Lightning Spi  Summ/Air       ######..     6%          4    None
m - Throw Icicle          Conj/Ice       #######.     1%          4    None
n - Regeneration          Chrm/Necr      ######....   1%          3    None


Dungeon Overview and Level Annotations

Branches:
Dungeon (13/15)            Temple (1/1) D:7            Lair (8/8) D:11
  Swamp (1/4) Lair:3       Spider (4/4) Lair:6        Slime (0/6) Lair:8
    Orc (2/2) D:10            Elf (0/3) Orc:2        Vaults (0/5) D:13

Altars:
Ashenzari
Cheibriados
Dithmenos
Elyvilon
Fedhas
Gozag
Kikubaaqudgha
Makhleb
Nemelex Xobeh
Okawaru
Pakellas
Qazlal
Ru
Sif Muna
Trog
Vehumet
Xom
Yredelemnul
Zin
The Shining One
Beogh
Jiyva

Shops:
D:10 ?[?!%   D:13 ?   Orc:2 [=?[

Portals:
Hell: Lair:8


Innate Abilities, Weirdness & Mutations

You have a pair of horns on your head.
Your flesh is cold resistant.
Your magical capacity is low (-10% MP).


Message History

A harpy simulacrum comes into view.
You are engulfed in freezing vapours.
You resist.
All of the chunks of flesh in your inventory have rotted away.
You are engulfed in freezing vapours.
You resist.
* * * LOW HITPOINT WARNING * * *
Casting: Fireball
Confirm with . or Enter, or press ? or * to list all spells.
Aiming: Fireball
Press: ? - help, Shift-Dir - straight line You feel a surge of power!
The fireball explodes!
You hear a sizzling sound! x4
You are engulfed in freezing vapours.
You resist.
* * * LOW HITPOINT WARNING * * *
The harpy simulacrum claws you but does no damage.
The harpy simulacrum closely misses you.
Unknown command.
The harpy simulacrum claws you!
* * * LOW HITPOINT WARNING * * *
The harpy simulacrum freezes you! You resist.
You die...

## ## §#
#§###§#
#§.§# ##§§##
#§Z## #Z##
##Z# #@####
#.##.##
#..#..####
#.#......##
##.##.....##
##.##.##..#
######..#
##.####.#
#....#..#


You could see an anaconda simulacrum, a harpy simulacrum and a troll simulacrum.

Vanquished Creatures
  Frances (Spider:2)
  2 ghost moths (Spider:3)
  A spark wasp (Spider:2)
  A dire elephant (Lair:8)
  A minotaur (Lab)
  A fire dragon (Lair:2)
  An ice dragon (Lair:2)
  11 hydras
  4 entropy weavers
  2 catoblepae
  2 ogre magi (Orc:2)
  2 alligators
  A centaur warrior (D:13)
  The ghost of jombi the Markself, a journeyman HEHu of Okawaru (Lab)
  Erica (Orc:1)
  4 tengu warriors (D:13)
  13 death yaks
  Sonja (Lair:4)
  Nergalle (D:10)
  A sun demon (Lair:8)
  An iron troll (Orc:2)
  4 skeletal warriors
  A wizard (Lair:8)
  2 unseen horrors
  A swamp dragon (Swamp:1)
  A deep troll (Orc:2)
  An orange crystal statue (D:12)
  The ghost of ThereIsNoGod the Cleaver, a novice MiGl of Makhleb (D:5)
  3 orc knights (Bailey)
  A necromancer (D:13)
  3 hornets
  8 hill giants
  A deep elf mage (D:13)
  4 harpies (D:13)
  8 orb spiders
  21 wolf spiders
  2 griffons
  3 orc sorcerers
  A manticore (Volcano)
  3 cyclopes
  A sixfirhy (Lair:8)
  2 ice statues
  Maurice (Orc:1)
  Joseph (D:7)
  8 elephants
  11 black mambas
  A smoke demon (Lair:8)
  2 gargoyles (D:13)
  3 torpor snails
  15 spiny frogs
  An efreet (D:13)
  3 orange demons (Lair:8)
  A kobold demonologist (D:13)
  10 demonic crawlers
  5 rime drakes
  An ice devil (Lair:8)
  An anaconda simulacrum (IceCv)
  10 komodo dragons
  5 red devils (Lair:8)
  A queen bee (D:11)
  4 polar bears
  9 trolls
  8 two-headed ogres
  A giant leech (Swamp:1)
  23 jumping spiders
  3 boulder beetles
  2 slime creatures
  30 blink frogs
  52 redbacks
  A bog body (Swamp:1)
  A spriggan (Swamp:1)
  A shadow (D:11)
  A vampire (D:13)
  2 wraiths
  3 wyverns
  22 tarantellas
  47 yaks
  3 fire bats (Volcano)
  4 basilisks
  7 hippogriffs
  2 hungry ghosts
  A swamp worm (Swamp:1)
  A warg (Orc:2)
  2 mottled dragons (Volcano)
  2 hell hounds
  22 water moccasins
  12 porcupines
  A hydra simulacrum (IceCv)
  22 orc warriors
  9 ice beasts
  26 ogres
  A wasp (Swamp:1)
  An alligator simulacrum (IceCv)
  3 sky beasts
  2 necrophages
  A phantom (D:10)
  8 wolves
  7 centaurs
  14 crocodiles
  7 big kobolds
  A wyvern zombie (D:13)
  22 giant frogs
  A wyvern skeleton (D:10)
  5 scorpions
  The ghost of sdOOK the Cudgeler, a weakling OgGl of Lugonu (D:3)
  42 killer bees
  11 wights
  6 howler monkeys
  3 electric eels
  3 crimson imps
  6 lava snakes (Volcano)
  2 draconian simulacra (IceCv)
  4 giant frog skeletons
  7 hounds
  9 jellies
  2 centaur zombies
  17 orc priests
  Crazy Yiuf (D:4)
  13 orc wizards
  Terence (D:2)
  3 centaur skeletons
  Ijyb (D:3)
  5 iguanas
  A polar bear simulacrum (IceCv)
  A troll simulacrum (IceCv)
  3 worker ants
  18 sheep
  2 centaur simulacra (IceCv)
  2 hound skeletons
  6 gnolls
  10 adders
  A howler monkey skeleton (D:9)
  A naga simulacrum (IceCv)
  2 ogre simulacra (IceCv)
  57 river rats
  2 shadow imps
  3 white imps
  An ufetubus (IceCv)
  An ooze (D:4)
  An adder zombie (D:7)
  An adder skeleton (D:5)
  A worm (D:3)
  3 dart slugs
  3 giant geckos
  65 orcs
  3 ball pythons
  6 bats
  5 giant cockroaches
  6 goblins
  6 hobgoblins
  14 jackals
  5 quokkas
  A giant gecko skeleton (D:8)
  7 giant newts
  24 kobolds
  A quokka skeleton (D:8)
  6 rats
  A fungus (D:2)
  3 plants
1012 creatures vanquished.

Vanquished Creatures (collateral kills)
  Harold (Orc:1)
  Erolcha (Orc:1)
  A hill giant (D:11)
  A troll (Orc:2)
  3 jumping spiders
  An orc priest (Orc:2)
  An orc wizard (Orc:1)
  A gnoll (Orc:1)
  4 orcs
14 creatures vanquished.

Vanquished Creatures (others)
  A yak (D:13)
  3 white imps (IceCv)
  3 ufetubi (IceCv)
  9 fungi
  9 plants
25 creatures vanquished.

Grand Total: 1051 creatures vanquished

Notes
Turn   | Place    | Note
--------------------------------------------------------------
     0 | D:1      | dvd the Deep Elf Fire Elementalist began the quest for the Orb.
     0 | D:1      | Reached XP level 1. HP: 10/10 MP: 6/6
   310 | D:1      | Reached XP level 2. HP: 15/15 MP: 8/8
   338 | D:1      | Learned a level 2 spell: Throw Flame
  1008 | D:1      | Reached XP level 3. HP: 19/19 MP: 5/10
  1348 | D:2      | Learned a level 3 spell: Conjure Flame
  1872 | D:2      | Reached XP level 4. HP: 19/24 MP: 9/11
  1993 | D:2      | Noticed Terence
  2350 | D:2      | Noticed Crazy Yiuf
  2567 | D:2      | Killed Terence
  2638 | D:2      | Learned a level 4 spell: Sticky Flame
  2925 | D:3      | Noticed Ijyb
  3167 | D:3      | Noticed sdOOK's ghost (weakling OgGl)
  3384 | D:3      | Killed sdOOK's ghost
  3384 | D:3      | Reached XP level 5. HP: 28/28 MP: 0/13
  3424 | D:3      | Killed Ijyb
  3818 | D:4      | Got a smoking brass ring
  3819 | D:4      | Identified the ring "Aphureeq" {MR+ MP+9} (You found it on level 4 of the Dungeon)
  3934 | D:4      | Reached skill level 5 in Fire Magic
  4158 | D:4      | Killed Crazy Yiuf
  4158 | D:4      | Reached XP level 6. HP: 32/32 MP: 8/15
  4209 | D:4      | Reached skill level 5 in Spellcasting
  4280 | D:5      | Entered Level 5 of the Dungeon
  4757 | D:5      | Noticed ThereIsNoGod's ghost (novice MiGl)
  5118 | D:5      | Reached XP level 7. HP: 37/37 MP: 17/17
  6021 | D:6      | Gained mutation: Your spells are a little harder to cast, but a little more powerful. [mutagenic meat]
  6022 | D:6      | Gained mutation: You are partially covered in thin metallic scales (AC +2). [mutagenic meat]
  6023 | D:6      | Gained mutation: You are robust (+10% HP). [mutagenic meat]
  6024 | D:6      | Lost mutation: You are robust (+10% HP). [mutagenic meat]
  6025 | D:6      | Gained mutation: Your magical capacity is low (-10% MP). [mutagenic meat]
  6313 | D:6      | Identified a scroll of acquirement
  6314 | D:6      | Got a heavily runed plate armour
  6325 | D:6      | Identified the +8 plate armour "Wiluoki" {Str+3 Int+4 Slay-4} (You acquired it on level 6 of the Dungeon)
  6367 | D:6      | Reached skill level 1 in Fighting
  6401 | D:6      | Found a snail-covered altar of Cheibriados.
  6557 | D:6      | Reached XP level 8. HP: 43/43 MP: 18/18
  6711 | D:6      | Learned a level 5 spell: Fireball
  6947 | D:7      | Found a sacrificial altar of Ru.
  6979 | D:7      | Found a staircase to the Ecumenical Temple.
  6987 | Temple   | Entered the Ecumenical Temple
  7359 | Temple   | Became a worshipper of Vehumet
  8239 | D:7      | Noticed Joseph
  8439 | D:7      | Reached skill level 5 in Conjurations
  9010 | D:8      | Reached XP level 9. HP: 25/47 MP: 9/21
  9349 | D:8      | Learned a level 2 spell: Repel Missiles
  9352 | D:8      | Learned a level 2 spell: Blink
  9498 | D:8      | Found a flagged portal.
  9509 | Bailey   | Entered a bailey
  9699 | Bailey   | Noticed an orc knight
  9812 | Bailey   | Noticed an orc knight
  9812 | Bailey   | Noticed an orc knight
  9839 | Bailey   | Killed an orc knight
  9839 | Bailey   | Reached skill level 5 in Dodging
  9839 | Bailey   | Reached skill level 5 in Stealth
  9885 | Bailey   | Killed an orc knight
 10055 | Bailey   | Killed an orc knight
 10055 | Bailey   | Reached skill level 10 in Spellcasting
 10055 | Bailey   | Reached skill level 10 in Fire Magic
 10092 | Bailey   | Reached skill level 1 in Charms
 10152 | Bailey   | Got a pair of polished boots
 10158 | Bailey   | Identified the cursed -5 pair of boots of Amelioration {rElec rC- rCorr} (You found it in a bailey)
 10340 | D:8      | Reached * piety under Vehumet
 10340 | D:8      | Offered knowledge of Shock by Vehumet.
 10340 | D:8      | Reached XP level 10. HP: 52/52 MP: 23/23
 10343 | D:8      | Learned a level 1 spell: Shock
 10578 | D:8      | Found an opulent altar of Gozag.
 10984 | D:8      | Noticed a three-headed hydra
 10992 | D:8      | Killed a three-headed hydra
 10992 | D:8      | Reached skill level 1 in Air Magic
 11306 | D:7      | Killed Joseph
 11306 | D:7      | Reached skill level 1 in Translocations
 11564 | D:9      | Learned a level 2 spell: Call Imp
 11942 | D:9      | Reached skill level 1 in Staves
 12232 | D:9      | You fall through a shaft!
 12232 | D:10     | Entered Level 10 of the Dungeon
 12236 | D:10     | Found Bapnadem's Armour Shoppe.
 12262 | D:10     | Found Ucor's Magic Scroll Boutique.
 12277 | D:10     | Offered knowledge of Sting by Vehumet.
 12360 | D:9      | Found a burning altar of Makhleb.
 12363 | D:9      | Reached ** piety under Vehumet
 12719 | D:10     | Noticed Nergalle
 13008 | D:10     | Noticed a six-headed hydra
 13011 | D:10     | Killed a six-headed hydra
 13011 | D:10     | Reached XP level 11. HP: 56/56 MP: 12/26
 13321 | D:10     | Found Yjitt's Magic Scroll Boutique.
 13349 | D:10     | Noticed a hill giant
 13358 | D:10     | Killed a hill giant
 13505 | D:10     | Gained mutation: You have large cloven feet. [mutagenic meat]
 13506 | D:10     | Gained mutation: You have a pair of small horns on your head. [mutagenic meat]
 13507 | D:10     | Gained mutation: Your flesh is cold resistant. [mutagenic meat]
 13508 | D:10     | Gained mutation: You have a pair of horns on your head. [mutagenic meat]
 13509 | D:10     | Gained mutation: Your magical capacity is very low (-20% MP). [mutagenic meat]
 13510 | D:10     | Gained mutation: You are weak. (Str -2) [mutagenic meat]
 13545 | D:10     | Found Casacosa's Distillery.
 13686 | D:10     | Offered knowledge of Throw Frost by Vehumet.
 13933 | D:10     | Reached *** piety under Vehumet
 13954 | D:10     | Found a staircase to the Orcish Mines.
 14053 | D:10     | Learned a level 2 spell: Throw Frost
 14062 | D:10     | Killed Nergalle
 14068 | D:10     | Lost mutation: Your spells are a little harder to cast, but a little more powerful. [potion of mutation]
 14068 | D:10     | Gained mutation: Scrolls take you a little longer to read. [potion of mutation]
 14277 | D:10     | Bought the +1 pair of boots of the Thunderstorm {rPois Slay+2} for 494 gold pieces
 14297 | D:10     | Found Fumokya's Food Shoppe.
 14420 | D:10     | Offered knowledge of Ignite Poison by Vehumet.
 14934 | D:11     | Found a staircase to the Lair.
 15002 | D:11     | Learned a level 3 spell: Ignite Poison
 15133 | D:11     | Noticed an unseen horror
 15134 | D:11     | Killed an unseen horror
 15236 | D:11     | Reached **** piety under Vehumet
 15384 | D:11     | Offered knowledge of Bolt of Magma by Vehumet.
 15627 | D:11     | Reached XP level 12. HP: 56/62 MP: 16/25
 15766 | D:11     | Learned a level 5 spell: Bolt of Magma
 16101 | D:11     | Reached ***** piety under Vehumet
 16101 | D:11     | Offered knowledge of Iron Shot by Vehumet.
 16380 | Lair:1   | Entered Level 1 of the Lair of Beasts
 16519 | Lair:1   | Found a dark tunnel.
 16530 | Volcano  | Entered a volcano
 16712 | Volcano  | Found a burning altar of Makhleb.
 16861 | Lair:1   | Reached skill level 1 in Ice Magic
 17250 | Lair:1   | Learned a level 6 spell: Iron Shot
 17336 | Lair:1   | Gained mutation: Your magical capacity is extremely low (-30% MP). [potion of mutation]
 17336 | Lair:1   | Lost mutation: Your magical capacity is extremely low (-30% MP). [potion of mutation]
 17829 | Lair:2   | Noticed an ice dragon
 17836 | Lair:2   | Killed an ice dragon
 17836 | Lair:2   | Reached skill level 10 in Conjurations
 18237 | Lair:2   | Noticed a six-headed hydra
 18246 | Lair:2   | Killed a six-headed hydra
 18760 | Lair:2   | Noticed a fire dragon
 18772 | Lair:2   | Killed a fire dragon
 19261 | Lair:3   | Reached XP level 13. HP: 68/68 MP: 27/27
 19265 | Lair:3   | Offered knowledge of Throw Icicle by Vehumet.
 19275 | Lair:3   | Learned a level 4 spell: Throw Icicle
 19396 | Lair:3   | Reached skill level 15 in Spellcasting
 19806 | Lair:3   | Found a staircase to the Swamp.
 20711 | Lair:4   | Noticed Sonja
 20712 | Lair:4   | Killed Sonja
 21553 | Lair:5   | Reached skill level 15 in Fire Magic
 21638 | Lair:5   | Found a labyrinth entrance.
 21745 | Lab      | Entered a labyrinth
 22431 | Lab      | Noticed jombi's ghost (journeyman HEHu)
 22448 | Lab      | Killed jombi's ghost
 23533 | Lab      | Noticed a minotaur
 23548 | Lab      | Killed a minotaur
 23564 | Lab      | Identified the Disquisition on the Glacier and Fascination
 23580 | Lab      | Identified Nuppen's Compendium of Displacement
 24135 | Lair:5   | Got a smoking spear
 24136 | Lair:5   | Identified the +6 spear "Deush" {speed, +Fly rPois MR- Str+6} (You found it on level 5 of the Lair of Beasts)
 24245 | Lair:5   | Reached skill level 1 in Earth Magic
 24665 | Lair:6   | Reached XP level 14. HP: 74/74 MP: 28/29
 24901 | Lair:6   | Got a dazzling war axe
 25068 | Lair:6   | Identified the cursed +0 war axe of the Present {drain, rPois Str-3 Int+3} (You found it on level 6 of the Lair of Beasts)
 25110 | Lair:6   | Learned a level 3 spell: Regeneration
 25401 | Lair:6   | Reached skill level 1 in Summonings
 25414 | Lair:6   | Got a dazzling dire flail
 25415 | Lair:6   | Identified the cursed +2 dire flail of Vengeance {drain, rC++} (You found it on level 6 of the Lair of Beasts)
 25470 | Lair:6   | Found a hole to the Spider Nest.
 26023 | Lair:7   | Identified the Handbook of Helpful Curses
 26531 | Lair:8   | Entered Level 8 of the Lair of Beasts
 26713 | Lair:8   | Offered knowledge of Orb of Destruction by Vehumet.
 26719 | Lair:8   | Reached skill level 10 in Dodging
 26874 | Lair:8   | Reached ****** piety under Vehumet
 26874 | Lair:8   | Reached skill level 5 in Staves
 27015 | Lair:8   | Found a staircase to the Slime Pits.
 27015 | Lair:8   | Found a viscous altar of Jiyva.
 27706 | Lair:8   | Found a burning altar of Makhleb.
 27797 | Lair:8   | Reached XP level 15. HP: 48/80 MP: 4/30
 28597 | D:10     | Bought a scroll of amnesia for 59 gold pieces
 28597 | D:10     | Bought a scroll of amnesia for 59 gold pieces
 28609 | D:10     | Learned a level 7 spell: Orb of Destruction
 28614 | D:10     | Learned a level 4 spell: Summon Lightning Spire
 28929 | Lair:8   | Found a gateway to Hell.
 29250 | Orc:1    | Entered Level 1 of the Orcish Mines
 29342 | Orc:1    | Noticed Erica
 29349 | Orc:1    | Killed Erica
 29482 | Orc:2    | Entered Level 2 of the Orcish Mines
 29482 | Orc:2    | Found a staircase to the Elven Halls.
 29488 | Orc:2    | Reached skill level 1 in Necromancy
 29517 | Orc:2    | Found a roughly hewn altar of Beogh.
 29543 | Orc:1    | Found a roughly hewn altar of Beogh.
 29559 | Orc:1    | Noticed Harold
 29560 | Orc:1    | Noticed Erolcha
 29572 | Orc:1    | Killed Erolcha
 29581 | Orc:1    | Killed Harold
 29685 | Orc:1    | Noticed Maurice
 29687 | Orc:1    | Killed Maurice
 29891 | Orc:2    | Offered knowledge of Bolt of Fire by Vehumet.
 30171 | D:10     | Bought a scroll of amnesia for 45 gold pieces
 30180 | D:10     | Learned a level 6 spell: Bolt of Fire
 30281 | D:12     | Found a flickering gateway to a bazaar.
 30301 | Bazaar   | Entered a bazaar
 30306 | Bazaar   | Found Itivvas's Weapon Shop.
 30325 | Bazaar   | Found Tiamuif's Jewellery Shop.
 30347 | Bazaar   | Found Eleipnuv's Jewellery Shop.
 30361 | Bazaar   | Found Gamihoamm's Food Boutique.
 30382 | Bazaar   | Bought a +2 amulet of reflection for 225 gold pieces
 30382 | Bazaar   | Bought the amulet of the Air {Inacc +Fly rElec EV+5 RMsl} for 428 gold pieces
 30397 | Bazaar   | Bought the ring "Yxarecw" {*Drain MR+++ MP+9 Str-2 Stlth+} for 374 gold pieces
 30441 | D:12     | Lost mutation: You are weak. (Str -2) [potion of mutation]
 30457 | D:12     | Reached skill level 1 in Evocations
 30529 | D:12     | Lost mutation: You are partially covered in thin metallic scales (AC +2). [potion of cure mutation]
 30529 | D:12     | Lost mutation: Scrolls take you a little longer to read. [potion of cure mutation]
 30529 | D:12     | Lost mutation: Your magical capacity is very low (-20% MP). [potion of cure mutation]
 30529 | D:12     | Lost mutation: You have large cloven feet. [potion of cure mutation]
 31370 | Orc:2    | Found Fuxain's Magic Scroll Shoppe.
 31459 | Orc:2    | Found Butay's Armour Boutique.
 31464 | Orc:2    | Found Buan's Armour Emporium.
 31465 | Orc:2    | Found Kexirgh's Jewellery Shoppe.
 32333 | D:5      | Killed ThereIsNoGod's ghost
 33200 | D:13     | Offered knowledge of Poison Arrow by Vehumet.
 33262 | D:13     | Found Kotikeash's Magic Scroll Boutique.
 33542 | D:13     | Found a gate to the Vaults.
 34238 | Swamp:1  | Entered Level 1 of the Swamp
 34483 | Swamp:1  | Reached XP level 16. HP: 86/86 MP: 35/35
 34489 | Swamp:1  | Noticed a thorn hunter
 34745 | Spider:1 | Entered Level 1 of the Spider Nest
 36354 | Spider:2 | Offered knowledge of Delayed Fireball by Vehumet.
 37263 | Spider:2 | Noticed Frances
 37269 | Spider:2 | Killed Frances
 38715 | Spider:4 | Entered Level 4 of the Spider Nest
 38738 | Spider:4 | Offered knowledge of Conjure Ball Lightning by Vehumet.
 38825 | Spider:4 | Found a frozen archway.
 38840 | IceCv    | Entered an ice cave
 39026 | IceCv    | Slain by a harpy simulacrum

Skill      XL: |  1  2  3  4  5  6  7  8  9 10 11 12 13 14 15 16 |
---------------+-------------------------------------------------+-----
Fire Magic     | 4 5 6 8 10 11 13 14 15 16 17 18 | 18.9
Stealth        | 3 4 5 6 |  6.4
Dodging        | 3 4 5 6 7 9 10 11 12 | 12.6
Spellcasting   | 4 5 7 8 10 12 13 14 16 17 18 | 18.2
Conjurations   | 2 4 5 6 8 9 10 11 12 13 14 | 14.3
Fighting       | 1 2 3 4 |  4.6
Charms         | 1 2 |  2.8
Air Magic      | 1 2 3 |  3.5
Translocations | 1 2 3 |  3.1
Staves         | 1 2 3 4 5 |  5.8
Ice Magic      | 1 2 |  2.3
Earth Magic    | 1 2 |  2.0
Summonings     | 1 2 |  2.3
Necromancy     | 1 2 |  2.2
Evocations     | 1 2 |  2.2
Short Blades   | |  0.2

Action                   |  1- 3 |  4- 6 |  7- 9 | 10-12 | 13-15 | 16-18 || total
-------------------------+-------+-------+-------+-------+-------+-------++-------
Melee: Dagger            |    14 |    20 |    41 |     9 |       |       ||    84
       Quarterstaff      |       |       |       |   125 |   425 |   101 ||   651
       Staff             |       |       |       |     2 |       |       ||     2
       Kick              |       |       |       |     6 |       |       ||     6
       Headbutt          |       |       |       |     8 |    51 |    14 ||    73
 Cast: Flame Tongue      |    37 |    52 |    22 |     9 |       |       ||   120
       Throw Flame       |    14 |    47 |   105 |   279 |   173 |    20 ||   638
       Conjure Flame     |       |     8 |     7 |    29 |    18 |     2 ||    64
       Sticky Flame      |       |     2 |    20 |    67 |   121 |    41 ||   251
       Fireball          |       |       |    12 |    60 |   135 |    67 ||   274
       Blink             |       |       |     2 |    16 |    18 |     3 ||    39
       Repel Missiles    |       |       |     1 |     5 |     1 |       ||     7
       Shock             |       |       |       |    57 |    25 |       ||    82
       Call Imp          |       |       |       |     6 |     7 |       ||    13
       Throw Frost       |       |       |       |    49 |    24 |     1 ||    74
       Ignite Poison     |       |       |       |     2 |       |       ||     2
       Bolt of Magma     |       |       |       |     3 |    32 |       ||    35
       Throw Icicle      |       |       |       |       |    23 |     1 ||    24
       Iron Shot         |       |       |       |       |     2 |       ||     2
       Regeneration      |       |       |       |       |    10 |    13 ||    23
       Bolt of Fire      |       |       |       |       |    52 |    75 ||   127
       Orb of Destructio |       |       |       |       |    17 |    15 ||    32
       Summon Lightning  |       |       |       |       |     9 |    13 ||    22
Evoke: Wand              |       |       |     4 |     5 |    11 |     7 ||    27
       Rod               |       |       |       |       |     5 |     4 ||     9
  Use: Scroll            |       |     3 |     8 |    14 |    15 |    10 ||    50
       Potion            |       |       |     6 |     8 |     4 |     4 ||    22
 Stab: Sleeping          |     7 |     4 |     2 |     2 |     7 |       ||    22
       Paralysed         |       |       |       |     7 |       |       ||     7
       Distracted        |       |       |       |       |     1 |     2 ||     3
  Eat: Chunk             |     3 |    11 |    22 |    39 |    43 |    13 ||   131
       Royal jelly       |       |       |     2 |       |       |     2 ||     4
       Fruit             |       |       |     1 |       |       |       ||     1
       Beef jerky        |       |       |       |       |     7 |       ||     7
       Meat ration       |       |       |       |       |     1 |       ||     1
       Pizza             |       |       |       |       |     3 |     5 ||     8
Armor: Robe              |     2 |     6 |    44 |   116 |   205 |   101 ||   474
Dodge: Dodged            |    15 |    14 |    72 |   296 |   732 |   359 ||  1488
       Deflected         |       |       |       |    13 |    20 |     3 ||    36
